 Dungeon Crawl Stone Soup version 0.31-a0-1405-g2bb1a01664 (webtiles) character file.

Game seed: 15416304315530748271

88 grandjackal the Sneak (level 4, 0/45 HPs)
             Began as a Vampire Earth Elementalist on Dec 25, 2023.
             Slain by an orc
             ... wielding a +0 hand axe
              (4 damage)
             ... on level 2 of the Dungeon.
             The game lasted 00:02:01 (1954 turns).

grandjackal the Sneak (Vampire Earth Elementalist)  Turns: 1954, Time: 00:02:01

Health: 0/45       AC: 22    Str:  7    XL:     4   Next: 30%
Magic:  0/7        EV:  2    Int: 19    God:
Gold:   139        SH:  0    Dex: 14    Spells: 4/7 levels left

rFire   . . .        d - +0 dagger
rCold   + . .        (no shield)
rNeg    . . .        a - melded +0 robe
rPois   +            c - melded +0 helmet
rElec   .            (cloak currently unavailable)
rCorr   +            (gloves currently unavailable)
SInv    +            (boots currently unavailable)
Will    .....        (no amulet)
Stlth   +++          e - ring of resist corrosion
HPRegen 0.47/turn    g - ring of protection from cold
MPRegen 0.10/turn

%: no passive effects
@: brilliant, tree-form, healing quickly
A: stationary, stasis, torment immunity, boosted hp, alive, (fangs 3), see
invisible, vampiric 2
a: Exsanguinate


You were on level 2 of the Dungeon.
You were a tree.
You visited 1 branch of the dungeon, and saw 3 of its levels.

You collected 139 gold pieces.

Inventory:

Hand Weapons
 d - a +0 dagger (weapon)
Armour
 a - a +0 robe (melded)
 c - a +0 helmet (melded)
Jewellery
 e - a ring of resist corrosion (left branch)
 g - a ring of protection from cold (right branch)
Scrolls
 h - a scroll of teleportation {unknown}
 i - a scroll of immolation {unknown}
Potions
 b - a potion of magic
 k - a potion of cancellation {unknown}


   Skills:
 + Level 2.0 Short Blades
 - Level 2.1 Dodging
 + Level 4.3 Stealth
 - Level 2.0 Spellcasting
 + Level 3.6 Earth Magic
 + Level 2.5 Alchemy


You had 4 spell levels left.
You knew the following spells:

 Your Spells              Type           Power      Damage    Failure   Level
a - Sandblast             Erth           46%        2d11      3%          1
b - Passwall              Alch/Erth      16%        N/A       8%          2

Your spell library contained the following spells:

 Spells                   Type           Power      Damage    Failure   Level
 Stone Arrow              Conj/Erth      26%        3d8       24%         3
 Petrify                  Alch/Erth      20%        N/A       43%         4
 Brom's Barrelling Bould  Conj/Erth      13%        2d4       63%         4


Dungeon Overview and Level Annotations

Branches:
Dungeon (3/15)

Altars:


Innate Abilities, Weirdness & Mutations

You are a tree.
Your roots penetrate the ground, keeping you stationary.
You cannot be teleported.
You are immune to unholy pain and torment.
Your maximum health is greatly increased.
Your equipment is partially melded.
Your natural rate of healing is accelerated.
((You have razor-sharp teeth.))
You have supernaturally acute eyesight. (SInv)
You are afflicted with vampirism and can become a bat while bloodless.


Message History

You are very lightly contaminated with residual magic.
Nothing appears to happen.
The orc hits you but does no damage. x2
Unknown command.
You closely miss the orc. The orc hits you but does no damage. x2
You hit the orc.
The orc is moderately wounded.
The orc hits you but does no damage. x2
You barely miss the orc.
The orc is moderately wounded.
The orc hits you but does no damage. x2
You hit the orc.
The orc is heavily wounded.
The orc barely misses you. The orc hits you but does no damage.
You hit the orc.
The orc is severely wounded.
The orc hits you with a +0 hand axe.
* * * LOW HITPOINT WARNING * * *
The orc hits you but does no damage.
You barely miss the orc.
The orc is severely wounded.
You closely miss the orc.
The orc is severely wounded.
The orc hits you but does no damage. The orc hits you with a +0 flail.
* * * LOW HITPOINT WARNING * * *
Your magical contamination has completely faded away.
Casting: Sandblast (safe; 3% risk of failure)
Confirm with . or Enter, or press ? or * to list all spells.
Aiming: Sandblast (safe; 3% risk of failure)
Press: ? - help, Shift-Dir - straight line, f/p - orc
Aim: an orc, wielding a +0 flail and wearing a +0 leather armour (severely wounded, 83% to hit)
You feel a surge of power!
The blast of sand hits the orc!
You kill the orc!
The orc hits you but does no damage. x2
You hit the orc.
The orc is moderately wounded.
The orc hits you but does no damage.
You hit the orc.
The orc is heavily wounded.
The orc hits you with a +0 hand axe.
You die...

#.....#.#.## ###
#.#####.#.# #..
#.# #.#.# #.# #.#
#.#.# ###
#.#####.#.#
#.#.....#.#
#.#.#####.#####
#)#.#.........#
#♣).#.........#
#o###.........####
### #.............
#.........####
#.........#
#.........#
###########


You could see an orc.

Vanquished Creatures
  An orc priest (D:3)
  Robin (D:2)
  3 orcs (D:2)
  3 ball pythons
  A bat (D:1)
  4 endoplasms
  13 goblins
  5 hobgoblins
  3 jackals (D:2)
  3 kobolds
  A frilled lizard (D:1)
  A rat (D:1)
39 creatures vanquished.

Notes
Turn   | Place    | Note
-------+----------+-------------------------------------------
     0 | D:1      | grandjackal the Vampire Earth Elementalist began the quest
                  | for the Orb.
     0 | D:1      | Reached XP level 1. HP: 13/13 MP: 3/3
   539 | D:1      | Reached XP level 2. HP: 5/19 MP: 3/5
  1215 | D:1      | Learned a level 2 spell: Passwall
  1376 | D:2      | Reached skill level 1 in Short Blades
  1641 | D:2      | Gained mutation: You are afflicted with vampirism and can
                  | become a bat while bloodless. [Vampire growth]
  1641 | D:2      | Reached XP level 3. HP: 22/24 MP: 6/6
  1669 | D:2      | Noticed Robin
  1677 | D:2      | Killed Robin
  1692 | D:2      | Reached skill level 4 in Stealth
  1937 | D:3      | Reached XP level 4. HP: 20/30 MP: 3/7
  1951 | D:2      | HP: 2/45 [orc/+0 flail (4)]
  1954 | D:2      | Slain by an orc

Illustrated notes

Levels and vault maps discovered:
D:1:      minmay_arrival_floating_metal, layout_basic
D:2:      layout_rooms, serial_bayou_pond_d, uniq_robin
D:3:      layout_basic, nicolae_qazlal_scattered_showers,
          dreamdust_ecumenical_altar_statues, minmay_snake_closets

Skill      XL: |  1  2  3  4 |
---------------+-------------+-----
Short Blades   | 1 2 |  2.0
Alchemy        | 2 |  2.5
Stealth        | 4 |  4.3
Dodging        | |  2.1
Spellcasting   | |  2.0
Earth Magic    | |  3.6

Action                     |  1- 3 |  4- 6 || total
---------------------------+-------+-------++-------
  Melee: Dagger            |   105 |     9 ||   114
         Bite              |     7 |       ||     7
         Punch             |     1 |       ||     1
   Cast: Sandblast         |    21 |     4 ||    25
    Use: Potion            |       |     2 ||     2
   Stab: Sleeping          |     5 |       ||     5
 Armour: Robe              |    60 |     5 ||    65
         Skin              |       |    29 ||    29
  Dodge: Dodged            |    57 |     4 ||    61

Table legend: (Time is in decaauts)
 A = Elapsed time spent in this place.
 B = Non-inter-level travel time spent in this place.
 C = Inter-level travel time spent in this place.
 D = Time resting spent in this place.
 E = Time spent auto-exploring this place.
 F = Levels seen in this place.
 G = Mean time per level.
                   A        B        C        D        E       F      G
               +--------+--------+--------+--------+--------+-----+--------+
         Total |   1977 |   1909 |     68 |    141 |   1450 |   3 |  659.0 |
       Dungeon |   1977 |   1909 |     68 |    141 |   1450 |   3 |  659.0 |
               +--------+--------+--------+--------+--------+-----+--------+

Top non-repeatable levels by time:
     D:1: 1278 daAuts
     D:2: 693 daAuts
     D:3: 5 daAuts
